APL (24 & UNDER)
ATHENS ASSASSINS @ SCOTTSDALE SCORPIONS
07/08/2027
 
TOP OF THE 1ST
Athens Assassins batting - Pitching for Scottsdale Scorpions : RHP Gilberto Delgado
Pitching: RHP Gilberto Delgado
Batting: LHB Milo Glenn 0-0: Called Strike
0-1: Ball
1-1: Ball
2-1: Foul Ball, location: 2F
2-2: Ball
3-2: Foul Ball, location: 2F
3-2: Base on Balls
Batting: RHB Alexander Barr 0-0: Called Strike
0-1: Swinging Strike
0-2: Ball
1-2: Foul Ball, location: 2F
1-2: Foul Ball, location: 2F
1-2: Strikes out swinging
Batting: RHB Foster Hapgood 0-0: Ball
Milo Glenn is caught stealing 2nd base
1-0: Called Strike
1-1: Foul Ball, location: 2F
1-2: Strikes out looking
Top of the 1st over - 0 run(s), 0 hit(s), 0 error(s), 0 left on base; Athens 0 - Scottsdale 0
BOTTOM OF THE 1ST
Scottsdale Scorpions batting - Pitching for Athens Assassins : LHP Ben Newman
Pitching: LHP Ben Newman
Batting: RHB Ricardo Gutiérrez 0-0: Ball
1-0: Ball
2-0: SINGLE (Line Drive, 56)
Batting: LHB Alberto Roberts 0-0: Called Strike
0-1: Ball
1-1: Called Strike
1-2: Foul Ball, location: 2F
1-2: Strikes out looking
Batting: LHB Ernesto Hernández 0-0: Ball
Ricardo Gutiérrez is caught stealing 2nd base
1-0: Called Strike
1-1: Fly out, F7 (Flyball, 7S)
Bottom of the 1st over - 0 run(s), 1 hit(s), 0 error(s), 0 left on base; Athens 0 - Scottsdale 0
TOP OF THE 2ND
Athens Assassins batting - Pitching for Scottsdale Scorpions : RHP Gilberto Delgado
Batting: RHB Jimmy King 0-0: Called Strike
0-1: Swinging Strike
0-2: Strikes out looking
Batting: RHB Fred Hubbard 0-0: Ground out 5-3 (Groundball, 56)
Batting: RHB Emílio García 0-0: Called Strike
0-1: Ball
1-1: Ball
2-1: Ball
3-1: Swinging Strike
3-2: Foul Ball, location: 2F
3-2: Base on Balls
Batting: RHB Randall Walker 0-0: Called Strike
0-1: Ball
1-1: Swinging Strike
1-2: Foul Ball, location: 2F
1-2: Foul Ball, location: 2F
1-2: Strikes out swinging
Top of the 2nd over - 0 run(s), 0 hit(s), 0 error(s), 1 left on base; Athens 0 - Scottsdale 0
BOTTOM OF THE 2ND
Scottsdale Scorpions batting - Pitching for Athens Assassins : LHP Ben Newman
Batting: SHB Juan Gonzáles 0-0: Fly out, F3 (Popup, 34)
Batting: RHB Jaime Delgado 0-0: Called Strike
0-1: Called Strike
0-2: Foul Ball, location: 2F
0-2: Ball
1-2: Strikes out swinging
Batting: SHB Arnold Moore 0-0: Called Strike
0-1: SINGLE (Line Drive, 9S)
Batting: RHB Tommy Allen 0-0: Called Strike
0-1: SINGLE (Groundball, 56D)
Arnold Moore to second
Batting: LHB José Garza 0-0: Called Strike
0-1: Foul Ball, location: 2F
0-2: Ball
1-2: Foul Ball, location: 2F
1-2: SINGLE (Line Drive, 7S)
Arnold Moore to third
Tommy Allen to second
Batting: RHB Robinson Fernández 0-0: Called Strike
0-1: Ball
1-1: Called Strike
1-2: Strikes out swinging
Bottom of the 2nd over - 0 run(s), 3 hit(s), 0 error(s), 3 left on base; Athens 0 - Scottsdale 0
TOP OF THE 3RD
Athens Assassins batting - Pitching for Scottsdale Scorpions : RHP Gilberto Delgado
Batting: RHB Jorge Loanos 0-0: Foul Ball, location: 2F
0-1: Called Strike
0-2: Ball
1-2: Ball
2-2: Foul Ball, location: 2F
2-2: Ground out 6-3 (Groundball, 6)
Batting: RHB James Anderson 0-0: Ball
1-0: Called Strike
1-1: Called Strike
1-2: Strikes out swinging
Batting: LHB Milo Glenn 0-0: Ball
1-0: Foul Ball, location: 2F
1-1: Foul Ball, location: 2F
1-2: Ball
2-2: Foul Ball, location: 2F
2-2: Ground out 4-3 (Groundball, 4)
Top of the 3rd over - 0 run(s), 0 hit(s), 0 error(s), 0 left on base; Athens 0 - Scottsdale 0
BOTTOM OF THE 3RD
Scottsdale Scorpions batting - Pitching for Athens Assassins : LHP Ben Newman
Batting: RHB Ricardo Gutiérrez 0-0: SINGLE (Groundball, 6MD)
Batting: LHB Alberto Roberts 0-0: Called Strike
0-1: Called Strike
0-2: Ball
Wild Pitch!
Ricardo Gutiérrez to second
1-2: Ball
2-2: Fly out, F7 (Flyball, 7LM)
Batting: LHB Ernesto Hernández 0-0: Foul Ball, location: 2F
0-1: Ball
1-1: Ball
2-1: Ground out 4-3 (Groundball, 4)
Ricardo Gutiérrez to third
Batting: SHB Juan Gonzáles 0-0: Ball
1-0: Ball
2-0: Foul Ball, location: 2F
2-1: Ball
3-1: Swinging Strike
3-2: Ground out 4-3 (Groundball, 4)
Bottom of the 3rd over - 0 run(s), 1 hit(s), 0 error(s), 1 left on base; Athens 0 - Scottsdale 0
TOP OF THE 4TH
Athens Assassins batting - Pitching for Scottsdale Scorpions : RHP Gilberto Delgado
Batting: RHB Alexander Barr 0-0: Ball
1-0: SINGLE (Line Drive, 7LM)
Batting: RHB Foster Hapgood 0-0: Ball
1-0: Swinging Strike
1-1: Called Strike
1-2: Strikes out looking
Batting: RHB Jimmy King 0-0: SINGLE (Flyball, 9LS)
Alexander Barr to second
Batting: RHB Fred Hubbard 0-0: Called Strike
0-1: Foul Ball, location: 2F
0-2: Ball
1-2: Strikes out looking
Batting: RHB Emílio García 0-0: Foul Ball, location: 2F
0-1: Swinging Strike
0-2: Ball
1-2: SINGLE (Groundball, 34D)
Alexander Barr to third
Jimmy King to second
Batting: RHB Randall Walker 0-0: Called Strike
0-1: Ball
1-1: Ball
2-1: Called Strike
2-2: Fly out, F9 (Flyball, 9LS)
Top of the 4th over - 0 run(s), 3 hit(s), 0 error(s), 3 left on base; Athens 0 - Scottsdale 0
BOTTOM OF THE 4TH
Scottsdale Scorpions batting - Pitching for Athens Assassins : LHP Ben Newman
Batting: RHB Jaime Delgado 0-0: Foul Ball, location: 2F
0-1: Ball
1-1: Called Strike
1-2: Strikes out swinging
Batting: SHB Arnold Moore 0-0: Called Strike
0-1: Ball
1-1: Ball
2-1: Called Strike
2-2: SINGLE (Line Drive, 8LS)
Batting: RHB Tommy Allen 0-0: Foul Ball, location: 2F
0-1: Ball
1-1: Fly out, F2 (Popup, 2R)
Batting: LHB José Garza 0-0: Called Strike
0-1: Ball
1-1: Ball
2-1: Ball
3-1: Foul Ball, location: 2F
3-2: Base on Balls
Arnold Moore to second
Batting: RHB Robinson Fernández 0-0: Foul Ball, location: 2F
0-1: Ground out 5-3 (Groundball, 56S)
Bottom of the 4th over - 0 run(s), 1 hit(s), 0 error(s), 2 left on base; Athens 0 - Scottsdale 0
TOP OF THE 5TH
Athens Assassins batting - Pitching for Scottsdale Scorpions : RHP Gilberto Delgado
Batting: RHB Jorge Loanos 0-0: Ball
1-0: Foul Ball, location: 2F
1-1: Ball
2-1: Foul Ball, location: 2F
2-2: Ball
3-2: Strikes out swinging
Batting: RHB James Anderson 0-0: Called Strike
0-1: Swinging Strike
0-2: Ball
1-2: Strikes out looking
Batting: LHB Milo Glenn 0-0: Ball
1-0: Called Strike
1-1: Ball
2-1: Foul Ball, location: 2F
2-2: Ball
3-2: SINGLE (Line Drive, 89S)
Pitching: RHP Julián García
Batting: RHB Alexander Barr 0-0: Ball
Throwing error on steal attempt, E2
Milo Glenn to third
1-0: Foul Ball, location: 2F
1-1: Called Strike
1-2: Ball
2-2: Strikes out swinging
Top of the 5th over - 0 run(s), 1 hit(s), 1 error(s), 1 left on base; Athens 0 - Scottsdale 0
BOTTOM OF THE 5TH
Scottsdale Scorpions batting - Pitching for Athens Assassins : LHP Ben Newman
Batting: RHB Ricardo Gutiérrez 0-0: SINGLE (Groundball, 56D)
Batting: LHB Alberto Roberts 0-0: Ball
1-0: Fly out, F8 (Flyball, 8LM)
Batting: LHB Ernesto Hernández 0-0: Called Strike
0-1: Foul Ball, location: 2F
0-2: Ball
1-2: Ground out 4-3 (Groundball, 34)
Ricardo Gutiérrez to second
Batting: SHB Juan Gonzáles 0-0: Called Strike
0-1: Ball
1-1: Fly out, F8 (Flyball, 8RS)
Bottom of the 5th over - 0 run(s), 1 hit(s), 0 error(s), 1 left on base; Athens 0 - Scottsdale 0
TOP OF THE 6TH
Athens Assassins batting - Pitching for Scottsdale Scorpions : RHP Julián García
Batting: RHB Foster Hapgood 0-0: Ball
1-0: Called Strike
1-1: Called Strike
1-2: Strikes out looking
Batting: RHB Jimmy King 0-0: Ball
1-0: Called Strike
1-1: Foul Ball, location: 2F
1-2: Ball
2-2: Strikes out swinging
Batting: RHB Fred Hubbard 0-0: Ball
1-0: Ball
2-0: Called Strike
2-1: Foul Ball, location: 2F
2-2: Strikes out swinging
Top of the 6th over - 0 run(s), 0 hit(s), 0 error(s), 0 left on base; Athens 0 - Scottsdale 0
BOTTOM OF THE 6TH
Scottsdale Scorpions batting - Pitching for Athens Assassins : LHP Ben Newman
Batting: RHB Jaime Delgado 0-0: Ball
1-0: Ball
2-0: Ball
3-0: Called Strike
3-1: Called Strike
3-2: Base on Balls
Batting: SHB Arnold Moore 0-0: Ball
1-0: Ball
2-0: Ball
Wild Pitch!
Jaime Delgado to second
3-0: Called Strike
3-1: Called Strike
3-2: SINGLE (Flyball, 7LM)
Jaime Delgado to third
Runner from 3rd tries for Home, SAFE, no throw
Pitching: RHP José Moreno
Batting: RHB Tommy Allen 0-0: Foul Ball, location: 2F
0-1: Ball
1-1: Ball
2-1: Ball
3-1: Base on Balls
Arnold Moore to second
Batting: LHB José Garza 0-0: Ball
1-0: Called Strike
1-1: Ball
2-1: Foul Ball, location: 2F
2-2: Ball
3-2: Strikes out swinging
Batting: RHB Robinson Fernández 0-0: Grounds into double play, 6-4-3 (Groundball, 6)
Bottom of the 6th over - 1 run(s), 1 hit(s), 0 error(s), 1 left on base; Athens 0 - Scottsdale 1
TOP OF THE 7TH
Athens Assassins batting - Pitching for Scottsdale Scorpions : RHP Julián García
Batting: RHB Emílio García 0-0: Called Strike
0-1: Ball
1-1: Foul Ball, location: 2F
1-2: Foul Ball, location: 2F
1-2: Ball
2-2: Foul Ball, location: 2F
2-2: Foul Ball, location: 2F
2-2: Foul Ball, location: 2F
2-2: Ball
3-2: SINGLE (Groundball, 56D)
Pinch Hitting: RHB Gunner Allen 0-0: Foul Ball, location: 2F
0-1: Reached on error, E5 (Groundball, 5L)
Emílio García to second
Pinch Hitting: LHB George Flanagan 0-0: Sac Bunt - play at third, runner OUT! 1-6
Gunner Allen to second
Pinch Hitting: RHB Roderick Silva 0-0: Swinging Strike
0-1: 3-RUN HOME RUN (Flyball, 8RXD), Distance : 387 ft
Pitching: RHP José Alvarado
Batting: LHB Milo Glenn 0-0: Ball
1-0: Swinging Strike
1-1: Foul Ball, location: 2F
1-2: Strikes out swinging
Batting: RHB Alexander Barr 0-0: Called Strike
0-1: Ball
1-1: Reached on error, E7 (Flyball, 7)
Batting: RHB Foster Hapgood 0-0: Called Strike
0-1: Ball
1-1: SINGLE (Line Drive, 9S)
Alexander Barr to third
Batting: RHB Jimmy King 0-0: Ball
1-0: Called Strike
1-1: Swinging Strike
1-2: Strikes out swinging
Top of the 7th over - 3 run(s), 3 hit(s), 2 error(s), 2 left on base; Athens 3 - Scottsdale 1
BOTTOM OF THE 7TH
Scottsdale Scorpions batting - Pitching for Athens Assassins : RHP José Moreno
Now at 1B: Roderick Silva
Now at 2B: George Flanagan
Now at 3B: Gary Stephenson
Batting: RHB Ricardo Gutiérrez 0-0: Called Strike
0-1: Foul Ball, location: 2F
0-2: Strikes out swinging
Batting: LHB Alberto Roberts 0-0: Called Strike
0-1: Fly out, F9 (Flyball, 9D)
Batting: LHB Ernesto Hernández 0-0: Hit by Pitch
Batting: SHB Juan Gonzáles 0-0: Called Strike
Ernesto Hernández steals 2nd base
0-1: Fly out, F8 (Flyball, 89S)
Bottom of the 7th over - 0 run(s), 0 hit(s), 0 error(s), 1 left on base; Athens 3 - Scottsdale 1
TOP OF THE 8TH
Athens Assassins batting - Pitching for Scottsdale Scorpions : RHP José Alvarado
Batting: RHB Fred Hubbard 0-0: Called Strike
0-1: Fly out, F8 (Flyball, 8LM)
Batting: RHB Emílio García 0-0: Ground out 5-3 (Groundball, 56S)
Batting: RHB Gary Stephenson 0-0: Foul Ball, location: 2F
0-1: Fly out, F2 (Popup, 2R)
Top of the 8th over - 0 run(s), 0 hit(s), 0 error(s), 0 left on base; Athens 3 - Scottsdale 1
BOTTOM OF THE 8TH
Scottsdale Scorpions batting - Pitching for Athens Assassins : RHP José Moreno
Batting: RHB Jaime Delgado 0-0: Foul Ball, location: 2F
0-1: Ball
1-1: Ball
2-1: Fly out, F9 (Flyball, 9)
Batting: SHB Arnold Moore 0-0: Ball
1-0: Ball
2-0: Ball
3-0: Called Strike
3-1: Called Strike
3-2: Fly out, F7 (Flyball, 78M)
Pitching: LHP Mario López
Batting: RHB Tommy Allen 0-0: Ball
1-0: Called Strike
1-1: DOUBLE (Flyball, 78M)
Batting: LHB José Garza 0-0: Ball
1-0: Foul Ball, location: 2F
1-1: Called Strike
1-2: Ball
2-2: Ball
3-2: Foul Ball, location: 2F
3-2: Foul Ball, location: 2F
3-2: Foul Ball, location: 2F
3-2: Base on Balls
Batting: RHB Robinson Fernández 0-0: Swinging Strike
0-1: Ground out 4-3 (Groundball, 4S)
Bottom of the 8th over - 0 run(s), 1 hit(s), 0 error(s), 2 left on base; Athens 3 - Scottsdale 1
TOP OF THE 9TH
Athens Assassins batting - Pitching for Scottsdale Scorpions : RHP José Alvarado
Batting: LHB George Flanagan 0-0: Ball
1-0: Ball
2-0: Ball
3-0: Called Strike
3-1: Base on Balls
Batting: RHB Roderick Silva 0-0: Ball
1-0: Ball
2-0: 2-RUN HOME RUN (Flyball, 78XD), Distance : 361 ft
Pitching: RHP Martin Miller
Batting: LHB Milo Glenn 0-0: Called Strike
0-1: Called Strike
0-2: Strikes out swinging
Batting: RHB Alexander Barr 0-0: Ball
1-0: Ball
2-0: Ball
3-0: Base on Balls
Batting: RHB Foster Hapgood 0-0: SINGLE (Groundball, 34D)
Alexander Barr to second
Runner from 2nd tries for 3rd, OUT!
Batting: RHB Jimmy King 0-0: SINGLE (Groundball, 56D)
Foster Hapgood to second
Batting: RHB Fred Hubbard 0-0: Ball
1-0: Ball
2-0: Ball
3-0: Base on Balls
Foster Hapgood to third
Jimmy King to second
Batting: RHB Emílio García 0-0: Swinging Strike
0-1: Swinging Strike
0-2: Ball
1-2: Foul Ball, location: 2F
1-2: Ball
2-2: Ball
3-2: Foul Ball, location: 2F
3-2: Ground out 5-3 (Groundball, 5S)
Top of the 9th over - 2 run(s), 3 hit(s), 0 error(s), 3 left on base; Athens 5 - Scottsdale 1
BOTTOM OF THE 9TH
Scottsdale Scorpions batting - Pitching for Athens Assassins : LHP Mario López
Pitching: RHP Jason Mason
Batting: RHB Ricardo Gutiérrez 0-0: Ball
1-0: Called Strike
1-1: Swinging Strike
1-2: Foul Ball, location: 2F
1-2: Strikes out swinging
Batting: LHB Alberto Roberts 0-0: Called Strike
0-1: Foul Ball, location: 2F
0-2: Ball
1-2: Foul Ball, location: 2F
1-2: Foul Ball, location: 2F
1-2: Ball
2-2: Foul Ball, location: 2F
2-2: Ball
3-2: Strikes out looking
Batting: LHB Ernesto Hernández 0-0: Ball
1-0: Ball
2-0: Called Strike
2-1: Foul Ball, location: 2F
2-2: Strikes out swinging
Bottom of the 9th over - 0 run(s), 0 hit(s), 0 error(s), 0 left on base; Athens 5 - Scottsdale 1
Thursday, March 30th, 2017 - OOTP Baseball 17.12 Build 75